 Dungeon Crawl Stone Soup version 0.21-a0-127-g329daca (webtiles) character file.

287 Heofaku the Chopper (level 6, -10/47 HPs)
             Began as a Demonspawn Fighter on July 16, 2017.
             Splashed by Ijyb's acid (11 damage)
             ... on level 3 of the Dungeon.
             The game lasted 00:02:08 (1459 turns).

Heofaku the Chopper (Demonspawn Fighter)            Turns: 1459, Time: 00:02:08

Health: -10/47     AC: 13    Str: 18    XL:     6   Next: 8%
Magic:  6/6        EV:  7    Int: 10    God:
Gold:   122        SH:  8    Dex: 12    Spells: 5/5 levels left

rFire    . . .     SeeInvis .   a - +0 war axe
rCold    . . .     Gourm    .   c - +0 shield
rNeg     . . .     Faith    .   b - +0 scale mail
rPois    .         Spirit   .   n - +0 helmet
rElec    .         Reflect  .   (no cloak)
rCorr    .         Harm     .   i - +0 pair of gloves (curse)
MR       .....                  (no boots)
Stlth    ..........             (no amulet)
HPRegen  0.15/turn              (no ring)
MPRegen  0.10/turn              (no ring)

@: corroded, sanguine armour
A: hooves 2, rot immunity, sanguine armour 2
a: no special abilities


You were on level 3 of the Dungeon.
You were not hungry.

You visited 1 branch of the dungeon, and saw 3 of its levels.

You collected 122 gold pieces.

Inventory:

Hand Weapons
 a - a +0 war axe (weapon)
Armour
 b - a +0 scale mail (worn)
 c - a +0 shield (worn)
 i - a cursed +0 pair of gloves (worn)
 n - a +0 helmet (worn)
Scrolls
 e - 3 scrolls of identify {unknown}
 g - a scroll of enchant armour {unknown}
 j - a scroll of blinking {unknown}
 k - a scroll of enchant weapon {unknown}
 l - a scroll of fear {unknown}
 m - a scroll of noise {unknown}
 o - 2 scrolls of teleportation {unknown}
 y - 2 scrolls of magic mapping {unknown}
Potions
 d - a potion of might
 h - 2 potions of heal wounds {unknown}
 p - a potion of haste {unknown}
 q - a potion of brilliance {unknown}
 r - 2 potions of invisibility {unknown}
 s - a potion of flight {unknown}
 t - a potion of degeneration {unknown}
 u - a potion of agility {unknown}
 x - 2 potions of magic {unknown}
Comestibles
 f - a bread ration
 w - a fruit


   Skills:
 + Level 3.0 Fighting
 * Level 5.8 Axes
 + Level 2.7 Armour
 + Level 2.7 Shields


You had 5 spell levels left.
You didn't know any spells.

Dungeon Overview and Level Annotations

Branches:
Dungeon (3/15)

Altars:
Elyvilon

Annotations:
D:3 Ijyb


Innate Abilities, Weirdness & Mutations

You have hoof-like feet.
You are immune to rotting.
When seriously injured, your bleeding wounds create thick armour. (AC +9)


Message History

You are too injured to fight recklessly!
You are too injured to fight recklessly!
You are too injured to fight recklessly!
You are too injured to fight recklessly!
You are too injured to fight recklessly!
You are too injured to fight recklessly!
You are too injured to fight recklessly!
You are too injured to fight recklessly!
You are too injured to fight recklessly!
You are too injured to fight recklessly!
You are too injured to fight recklessly!
You are too injured to fight recklessly!
Unknown command.
Ijyb zaps a wand.
The bolt of acid hits you!
You are splashed with acid!
The acid burns!
* * * LOW HITPOINT WARNING * * *
Ijyb zaps a wand.
The bolt of acid hits you!
* * * LOW HITPOINT WARNING * * *
The acid corrodes you!
You are splashed with acid!
The acid burns!
You die...

.........'.........
#..###...#######.##
#..# #...# #.##
#..###...# #.##
#........# #.##
#..##....# #.##
##.##....# #.##
#........# #.#.
#.@####### #.. #g†#
#..# #..# #..# #..#
.... #..#


You could see Ijyb.

Vanquished Creatures
  Sigmund (D:2)
  Jessica (D:2)
  Robin (D:2)
  2 adders
  2 oozes (D:2)
  2 worms (D:2)
  2 dart slugs (D:1)
  3 leopard geckos
  2 giant cockroaches
  13 goblins
  8 hobgoblins
  4 kobolds
  4 bats
  2 frilled lizards
  3 rats
50 creatures vanquished.

Notes
Turn   | Place    | Note
-------+----------+-------------------------------------------
     0 | D:1      | Heofaku the Demonspawn Fighter began the quest for the Orb.
     0 | D:1      | Reached XP level 1. HP: 18/18 MP: 1/1
    48 | D:1      | Reached skill level 2 in Axes
   148 | D:1      | Gained mutation: You have large cloven feet. [demonic ancestry]
   148 | D:1      | Reached XP level 2. HP: 17/24 MP: 2/2
   644 | D:2      | Reached skill level 3 in Axes
   675 | D:2      | Gained mutation: When seriously injured, your bleeding wounds create armour. (AC +9) [demonic ancestry]
   675 | D:2      | Reached XP level 3. HP: 29/29 MP: 3/3
   698 | D:2      | Found a white marble altar of Elyvilon.
   753 | D:2      | Noticed Robin
   778 | D:2      | Killed Robin
   778 | D:2      | Gained mutation: You have hoof-like feet. [demonic ancestry]
   778 | D:2      | Reached XP level 4. HP: 7/35 MP: 4/4
  1023 | D:2      | Reached skill level 4 in Axes
  1207 | D:2      | Noticed Sigmund
  1210 | D:2      | Noticed Jessica
  1216 | D:2      | Killed Sigmund
  1216 | D:2      | Reached skill level 5 in Axes
  1216 | D:2      | Gained mutation: You are immune to rotting. [demonic ancestry]
  1216 | D:2      | Reached XP level 5. HP: 31/41 MP: 5/5
  1217 | D:2      | Killed Jessica
  1248 | D:2      | Gained mutation: When seriously injured, your bleeding wounds create thick armour. (AC +9) [demonic ancestry]
  1248 | D:2      | Reached XP level 6. HP: 40/47 MP: 6/6
  1448 | D:3      | Noticed Ijyb
  1459 | D:3      | HP: 1/47 [Ijyb/wand of acid (?/15) (3)]
  1459 | D:3      | Splashed by Ijyb's acid

Vault maps used:
D:1:      co_arrival_square_in_a_square_in_a_square, minmay_misc_feat_columns
D:2:      grunt_ministairs_10, elyvilon_altar_1, uniq_sigmund, uniq_robin,
          uniq_jessica
D:3:      minitemple, first_bread, led_xom_imps, uniq_ijyb

Skill      XL: |  1  2  3  4 |
---------------+-------------+-----
Axes           | 2 3 5 |  5.8
Fighting       | |  3.0
Armour         | |  2.7
Shields        | |  2.7

Action                   |  1- 3 |  4- 6 || total
-------------------------+-------+-------++-------
Melee: War axe           |    79 |    59 ||   138
       Kick              |    17 |    19 ||    36
  Use: Potion            |       |     1 ||     1
  Eat: Chunk             |       |     2 ||     2
Armor: Scale mail        |    35 |    23 ||    58
Dodge: Dodged            |    27 |    24 ||    51
Block: Shield            |    48 |    29 ||    77
